 Dungeon Crawl Stone Soup version 0.23.0 (webtiles) character file.

Game seed: 15942891817350784595

7249 Gargoyl the Chopper (level 10, -3/84 HPs)
             Began as a Centaur Abyssal Knight on Feb 13, 2019.
             Was a Priest of Lugonu.
             Slain by a black mamba (9 damage)
             ... on level 1 of the Lair of Beasts.
             The game lasted 00:24:26 (16873 turns).

Gargoyl the Chopper (Centaur Abyssal Knight)       Turns: 16873, Time: 00:24:27

Health: -3/84      AC: 11    Str: 17    XL:     10   Next: 88%
Magic:  5/15       EV: 12    Int: 11    God:    Lugonu [***...]
Gold:   477        SH:  0    Dex: 21    Spells: 9/9 levels left

rFire    + . .     SeeInvis .   n - +4 broad axe of Dahaoc {chop, rElec Dex+6}
rCold    . . .     Gourm    .   (no shield)
rNeg     + . .     Faith    .   b - +1 ring mail {rF+}
rPois    .         Spirit   .   (no helmet)
rElec    +         Reflect  .   (no cloak)
rCorr    .         Harm     .   f - +2 pair of gloves
MR       .....                  (no barding)
Stlth    +.........             o - amulet of rage
HPRegen  0.24/turn              d - ring of positive energy
MPRegen  0.14/turn              h - +5 ring of dexterity

@: lethally poisoned (-3 -> -16), very quick
A: large, hooves 3, deformed body, speed 2, tough skin 3
a: Depart the Abyss, Bend Space, Banish, Renounce Religion, Evoke Berserk Rage


You were on level 1 of the Lair of Beasts.
You worshipped Lugonu.
Lugonu was most pleased with you.
You were not hungry.

You visited 2 branches of the dungeon, and saw 10 of its levels.
You visited the Abyss 2 times.

You collected 477 gold pieces.

Inventory:

Hand Weapons
 a - a +1 hand axe
 g - the +3 hand crossbow of Gargoyl's Evisceration {venom, rElec Dex+4}
   (You found it on level 2 of the Abyss)

   It poisons the ammo it fires.
   It affects your dexterity (+4).
   It insulates you from electricity.
 k - a +0 war axe
 n - the +4 broad axe of Dahaoc (weapon) {chop, rElec Dex+6}
   (You found it on level 9 of the Dungeon)

   It inflicts extra damage upon your enemies.
   It affects your dexterity (+6).
   It insulates you from electricity.
Missiles
 q - 34 bolts
Armour
 b - a +1 ring mail of fire resistance (worn)
 f - a +2 pair of gloves (worn)
Jewellery
 d - a ring of positive energy (left hand)
 h - a +5 ring of dexterity (right hand)
 o - an amulet of rage (around neck)
 r - an uncursed ring of stealth {unknown}
Wands
 e - a wand of iceblast (11)
 m - a wand of flame (34)
Scrolls
 i - 4 scrolls of identify
 l - a scroll of teleportation
 t - 3 scrolls of remove curse
Potions
 j - 2 potions of brilliance
 p - 2 potions of might
 u - a potion of flight
Comestibles
 c - 6 rations


   Skills:
 + Level 6.6 Fighting
 + Level 7.7 Axes
 + Level 3.3 Crossbows
 * Level 6.9 Armour
 * Level 5.1 Dodging
 * Level 7.7 Invocations


You had 9 spell levels left.
You didn't know any spells.
Your spell library contained the following spells:

 Spells                   Type           Power        Failure   Level  Hunger
 Animate Skeleton         Necr           N/A          52%         1    ##.....
 Apportation              Tloc           #.....       52%         1    ##.....
 Confusing Touch          Hex            #.....       52%         1    ##.....
 Freeze                   Ice            #...         52%         1    ##.....
 Magic Dart               Conj           #...         52%         1    ##.....
 Pain                     Necr           #...         52%         1    ##.....
 Summon Small Mammal      Summ           #...         52%         1    ##.....
 Searing Ray              Conj           #.....       65%         2    ###....
 Throw Frost              Conj/Ice       #.....       65%         2    ###....
 Dazzling Spray           Conj/Hex       #.....       87%         3    ####...
 Ozocubu's Armour         Chrm/Ice       #.......     87%         3    ####...
 Regeneration             Chrm/Necr      #.........   87%         3    ####...
 Vampiric Draining        Necr           #.........   87%         3    ####...
 Animate Dead             Necr           N/A          99%         4    #####..
 Force Lance              Conj/Tloc      #.......     99%         4    #####..
 Fulminant Prism          Conj/Hex       #.........   99%         4    #####..
 Iskenderun's Mystic Bla  Conj           #.......     99%         4    #####..
 Summon Ice Beast         Ice/Summ       #.......     99%         4    #####..
 Throw Icicle             Conj/Ice       #.......     99%         4    #####..


Dungeon Overview and Level Annotations

Branches:
Dungeon (9/15)             Temple (0/1) D:7            Lair (1/6) D:9
    Orc (0/2) D:9

Altars:
Dithmenos
Elyvilon
Fedhas
Gozag
Nemelex Xobeh
Qazlal
Ru
Sif Muna
Trog
Uskayaw
Vehumet
Wu Jian
Yredelemnul

Annotations:
Abyss:1 Harold


Innate Abilities, Weirdness & Mutations

You have hooves in place of feet.
Armour fits poorly on your strangely shaped body.
You cover ground very quickly.
You have extremely tough skin. (AC +3)


Message History

You start resting.
A jelly comes into view.
All of the chunks of flesh in your inventory have rotted away.
Found 40 gold pieces.
Press: ? - help, Shift-Dir - straight line, f - jelly
Aim: a jelly (chance to defeat MR: 90%)
The jelly is devoured by a tear in reality.
You feel somewhat more hungry.
A spatial vortex and a spatial maelstrom come into view.
The spatial vortex moves out of view.
You start resting.
A spatial vortex comes into view.
You pass through the gate.
Welcome back to the Lair of Beasts!
You can no longer corrupt the fabric of space.
The black mamba bites you.
* * * LOW HITPOINT WARNING * * *
You are lethally poisoned!
The black mamba poisons you! The black mamba bites you!
You die...

........# ###....##.#.....
........# #.......#.##....
........# #........###....
........### #.........##....
........#.### ##.......##.....
............# #.......##.....
............#####.......#......
##...........##.##.............
###..........@S...............
#...#.....H######............
#...........# #............
#...#.......P# ##...........
..#..##......## #...........
..#. #........# ##.###......
....##......# ### ...... ..
#.....## .....##


You could see a hippogriff and a black mamba.

Vanquished Creatures
  Psyche (D:8)
  A hippogriff (D:9)
  A wyvern (D:8)
  5 yaks (D:8)
  A steam dragon (D:8)
  4 hungry ghosts (D:8)
  3 water moccasins
  3 orc warriors
  An eye of draining (D:8)
  2 sky beasts (D:9)
  A black bear (D:8)
  A phantom (D:6)
  3 ice beasts
  3 ogres
  A crocodile (Lair:1)
  3 centaurs
  A big kobold (D:8)
  5 bullfrogs
  A gnoll sergeant (D:9)
  3 scorpions
  A troll zombie (D:9)
  3 killer bees
  2 howler monkeys
  A centaur zombie (D:9)
  A crimson imp (D:8)
  A bullfrog zombie (D:7)
  A quasit (D:7)
  2 centaur skeletons
  A gnoll shaman (D:7)
  A jelly (D:9)
  3 orc priests
  5 bullfrog skeletons
  5 hounds
  10 orc wizards
  3 iguanas
  6 worker ants
  7 ogre zombies (D:9)
  A hound zombie (D:3)
  2 howler monkey zombies (D:8)
  13 gnolls
  11 adders
  3 shadow imps
  2 oozes
  An adder skeleton (D:4)
  2 adder zombies (D:8)
  4 worms
  2 dart slugs
  6 leopard geckos
  42 orcs
  13 bats
  5 giant cockroaches
  10 goblins
  8 hobgoblins
  14 jackals
  9 kobolds
  3 quokkas
  A ball python (D:2)
  7 frilled lizards
  A goblin zombie (D:9)
  A hobgoblin skeleton (D:9)
  A hobgoblin zombie (D:9)
  5 orc skeletons (D:9)
  17 orc zombies (D:9)
  14 rats
  A fungus (D:9)
  A plant (D:9)
297 creatures vanquished.

Vanquished Creatures (others)
  A two-headed ogre (D:8)
  An orc warrior (D:6)
  A jelly (Abyss:1)
  An orc (D:7)
  3 fungi (D:9)
  4 starspawn tentacles (Abyss:2)
11 creatures vanquished.

Grand Total: 308 creatures vanquished

Notes
Turn   | Place    | Note
-------+----------+-------------------------------------------
     0 | Abyss:1  | Gargoyl the Centaur Abyssal Knight began the quest for the
                  | Orb.
     0 | Abyss:1  | Reached XP level 1. HP: 19/19 MP: 2/2
    57 | Abyss:2  | Got a jewelled hand crossbow
    57 | Abyss:2  | Noticed a small abomination
   122 | Abyss:2  | Noticed a titan zombie
   151 | Abyss:2  | Noticed a tentacled starspawn
   185 | Abyss:2  | Noticed a naga
   185 | Abyss:2  | Noticed a naga warrior
   186 | Abyss:2  | Noticed a salamander
   187 | D:1      | Escaped the Abyss
   211 | D:1      | Reached * piety under Lugonu
   305 | D:1      | Reached XP level 2. HP: 24/26 MP: 3/3
   737 | D:1      | Reached skill level 1 in Dodging
  1267 | D:2      | Reached XP level 3. HP: 30/31 MP: 4/4
  1336 | D:2      | Reached ** piety under Lugonu
  1439 | D:2      | Identified the +3 hand crossbow of Gargoyl's Evisceration
                  | {venom, rElec Dex+4} (You found it on level 2 of the Abyss)
  1949 | D:2      | Reached XP level 4. HP: 38/38 MP: 5/5
  2562 | D:3      | Found a stormy altar of Qazlal.
  2876 | D:3      | Found a deep blue altar of Sif Muna.
  2911 | D:3      | Reached XP level 5. HP: 28/45 MP: 7/7
  3248 | D:3      | Reached *** piety under Lugonu
  3350 | D:3      | Found a sparkling altar of Nemelex Xobeh.
  3401 | D:3      | Reached XP level 6. HP: 33/52 MP: 8/8
  3982 | D:4      | Found a sacrificial altar of Ru.
  4671 | D:4      | Reached XP level 7. HP: 49/58 MP: 9/9
  6099 | D:5      | Entered Level 5 of the Dungeon
  6801 | D:5      | Found a radiant altar of Vehumet.
  6910 | D:5      | Reached **** piety under Lugonu
  7143 | D:5      | Reached XP level 8. HP: 47/66 MP: 11/11
  7306 | D:5      | Found a blossoming altar of Fedhas.
  7815 | D:6      | Reached skill level 5 in Armour
  8340 | D:6      | Reached skill level 5 in Axes
  8340 | D:6      | Reached skill level 5 in Invocations
  8851 | D:7      | Found a white marble altar of Elyvilon.
  9004 | D:7      | Reached XP level 9. HP: 37/73 MP: 12/12
  9212 | D:7      | Found an ornate altar of the Wu Jian Council.
  9277 | D:7      | Reached ***** piety under Lugonu
  9434 | D:7      | Noticed a moth of wrath
  9470 | D:7      | Found a bloodstained altar of Trog.
  9568 | D:7      | Found a staircase to the Ecumenical Temple.
  9619 | D:7      | Reached skill level 5 in Fighting
 10620 | D:8      | Reached skill level 1 in Crossbows
 10772 | D:8      | Found an opulent altar of Gozag.
 10958 | D:8      | Found a faded altar of an unknown god.
 10958 | D:8      | Found a shadowy altar of Dithmenos.
 10963 | D:8      | Found a hide-covered altar of Uskayaw.
 10974 | D:8      | Found a faded altar of an unknown god.
 10975 | D:8      | Found a stormy altar of Qazlal.
 11645 | D:8      | Found a basalt altar of Yredelemnul.
 11724 | D:8      | Noticed Psyche
 11744 | D:8      | Killed Psyche
 12548 | D:9      | Found a staircase to the Orcish Mines.
 12564 | D:8      | Reached XP level 10. HP: 29/83 MP: 14/14
 15556 | D:9      | Found a staircase to the Lair.
 15591 | D:9      | Noticed Harold
 15591 | D:9      | Noticed a two-headed ogre
 15841 | D:8      | Banished a two-headed ogre
 16077 | D:9      | Banished Harold
 16077 | D:9      | Reached skill level 5 in Dodging
 16371 | D:9      | Got a pitted broad axe
 16372 | D:9      | Identified the +4 broad axe of Dahaoc {chop, rElec Dex+6}
                  | (You found it on level 9 of the Dungeon)
 16738 | Lair:1   | Entered Level 1 of the Lair of Beasts
 16811 | Lair:1   | Noticed a black mamba
 16828 | Lair:1   | HP: 1/84 [black mamba (15)]
 16869 | Abyss:1  | Noticed a spatial maelstrom
 16873 | Lair:1   | Escaped the Abyss
 16873 | Lair:1   | Slain by a black mamba

Skill      XL: |  1  2  3  4  5  6  7  8  9 10 |
---------------+-------------------------------+-----
Axes           | 2 3 4 5 6 7 |  7.7
Dodging        | 1 2 3 4 5 |  5.1
Armour         | 2 3 4 5 6 |  6.9
Invocations    | 3 4 5 6 7 |  7.7
Fighting       | 4 5 6 |  6.6
Crossbows      | 3 |  3.3

Action                   |  1- 3 |  4- 6 |  7- 9 | 10-12 || total
-------------------------+-------+-------+-------+-------++-------
Melee: Hand axe          |   131 |   202 |   513 |   220 ||  1066
       Kick              |     8 |    53 |   165 |   100 ||   326
       Broad axe         |       |       |       |    53 ||    53
 Fire: Hand crossbow     |       |       |    45 |     5 ||    50
Invok: Depart the Abyss  |     1 |       |       |     1 ||     2
       Banish            |       |       |     2 |     3 ||     5
       Bend Space        |       |       |     1 |     1 ||     2
       Enter the Abyss   |       |       |       |     1 ||     1
  Use: Potion            |     5 |     3 |     2 |     2 ||    12
       Scroll            |     4 |       |    12 |     2 ||    18
  Eat: Chunk             |     2 |     7 |    17 |     6 ||    32
       Ration            |       |       |     2 |     9 ||    11
Armor: Leather armour    |    14 |       |       |       ||    14
       Ring mail         |    51 |    78 |   244 |   169 ||   542
       Chain mail        |     5 |       |       |       ||     5
       Skin              |       |    14 |       |       ||    14
Dodge: Dodged            |    71 |    84 |   275 |   173 ||   603
